 Dungeon Crawl Stone Soup version 0.27-a0-1590-g15f6982 (webtiles) character file.

Game seed: 207674256617829836

9 Geeful the Skirmisher (level 2, 24/24 HPs)
             Began as a Demonspawn Abyssal Knight on July 18, 2021.
             Was a Follower of Lugonu.
             Got out of the dungeon alive.
             The game lasted 00:01:28 (664 turns).

Geeful the Skirmisher (Demonspawn Abyssal Knight)    Turns: 664, Time: 00:01:29

Health: 24/24      AC:  3    Str: 18    XL:     2   Next: 3%
Magic:  4/4        EV: 11    Int: 13    God:    Lugonu [*.....]
Gold:   0          SH:  0    Dex: 12    Spells: 1/1 levels left

rFire    . . .     SeeInvis .     - Unarmed
rCold    . . .     Faith    .   (no shield)
rNeg     . . .     Spirit   .   a - +0 leather armour
rPois    .         Reflect  .   (helmet restricted)
rElec    .         Harm     .   (no cloak)
rCorr    .         Rampage  .   (no gloves)
Will     .....                  (no boots)
Stlth    +.........             (no amulet)
HPRegen  0.08/turn              b - +6 ring of strength
MPRegen  0.09/turn              (no ring)

@: no status effects
A: antennae 1
a: Renounce Religion, Depart the Abyss


You escaped.
You worshipped Lugonu.
Lugonu was aware of your devotion.
You visited 1 branch of the dungeon, and saw 1 of its levels.
You visited the Abyss 1 time.

Inventory:

Missiles
 c - 12 poisoned darts (quivered)
Armour
 a - a +0 leather armour (worn)
Jewellery
 b - a +6 ring of strength (left hand)


   Skills:
 + Level 3.1 Fighting
 + Level 1.9 Armour
 + Level 1.1 Dodging
 + Level 1.9 Unarmed Combat
 + Level 2.6 Invocations


You had one spell level left.
You didn't know any spells.
Your spell library was empty.

Dungeon Overview and Level Annotations

Branches:
Dungeon (1/15)

Altars:


Innate Abilities, Weirdness & Mutations

You have a pair of small antennae on your head.


Message History

You hit the kobold.
You kill the kobold!
Lugonu accepts your kill.
No target in view!
No target in view!
Things that are here:
a +2 dagger of holy wrath; a stone; a kobold corpse
There is an open door here.
Found a leather armour.
A jackal comes into view.
You closely miss the jackal. The jackal closely misses you.
You hit the jackal.
The jackal is almost dead.
The jackal barely misses you.
You closely miss the jackal.
The jackal is almost dead.
The jackal closely misses you. The jackal bites you.
You hit the jackal but do no damage.
The jackal is almost dead.
The jackal bites you but does no damage.
You hit the jackal but do no damage.
The jackal is almost dead.
The jackal bites you but does no damage.
You hit the jackal but do no damage.
The jackal is almost dead.
The jackal barely misses you. x2
You barely miss the jackal. Your punch misses the jackal.
The jackal is almost dead.
The jackal bites you but does no damage.
You hit the jackal.
You kill the jackal!
Lugonu accepts your kill.
You have reached level 2!
Your demonic ancestry asserts itself...
A pair of antennae grows on your head!
You open the large door.
There is a large open door here.
There is a staircase leading out of the dungeon here.
Are you sure you want to leave the Dungeon?
This will make you lose the game!
You have escaped!

#............##÷########.#
..####.#######÷# #.#
#.###...######.### #.#
#................# #.#
#####...#####..#.## #.##
##.## #####..# #..##### #.##
#...#..# #....... ####..#
#...#..# #....### #.....#
#.@.'..+ #....# #.###.#
#...'..# #....#
######.###.####...#### #..###
.......##.....#''######+##..#
#
.#####.##..###...##..##....##
# #.##.#.#[.............# #
#...###.....##..##....# #
#....#...##'######'##.# #
####..#÷.#...####...#[# #


There were no monsters in sight!

Vanquished Creatures
  A dart slug (D:1)
  A jackal (D:1)
  A quokka (D:1)
  2 ball pythons (D:1)
  A bat (D:1)
  A goblin (D:1)
  A kobold (D:1)
8 creatures vanquished.

Notes
Turn   | Place    | Note
-------+----------+-------------------------------------------
     0 | Abyss:1  | Geeful the Demonspawn Abyssal Knight began the quest for
                  | the Orb.
     0 | Abyss:1  | Reached XP level 1. HP: 18/18 MP: 2/2
    42 | Abyss:1  | Noticed a thrashing horror
    45 | D:1      | Escaped the Abyss
    97 | D:1      | Reached skill level 1 in Dodging
   458 | D:1      | Reached * piety under Lugonu
   614 | D:1      | Gained mutation: You have a pair of small antennae on your
                  | head. [demonic ancestry]
   614 | D:1      | Reached XP level 2. HP: 23/24 MP: 4/4
   664 | D:$      | Got out of the dungeon alive.

Illustrated notes

Levels and vault maps discovered:
D:1:      dpeg_arrival_houses_and_road, layout_loops_ring,
          hellmonk_ecumenical_altar_pennies_from_heaven, serial_bayou_pond_e,
          st_stairs_7, corexii_item_surrounded_by_moat

Skill      XL: |  1 |
---------------+----+-----
Dodging        | 1 |  1.1
Fighting       | |  3.1
Armour         | |  1.9
Unarmed Combat | |  1.9
Invocations    | |  2.6

Action                   || total
-------------------------++-------
Melee: Unarmed           ||    44
Invok: Depart the Abyss  ||     1
Armor: Leather armour    ||    19
Dodge: Dodged            ||    32

Table legend: (Time is in decaauts)
 A = Elapsed time spent in this place.
 B = Non-inter-level travel time spent in this place.
 C = Inter-level travel time spent in this place.
 D = Time resting spent in this place.
 E = Time spent auto-exploring this place.
 F = Levels seen in this place.
 G = Mean time per level.
                   A        B        C        D        E       F      G
               +--------+--------+--------+--------+--------+-----+--------+
         Total |    661 |    612 |     49 |      0 |    496 |   2 |  330.5 |
       Dungeon |    616 |    567 |     49 |      0 |    496 |   1 |  616.0 |
         Abyss |     45 |     45 |      0 |      0 |      0 |   1 |   45.0 |
               +--------+--------+--------+--------+--------+-----+--------+

Top non-repeatable levels by time:
     D:1: 616 daAuts
 Abyss:1: 45 daAuts
